Map: Winter Madness LE

Players

kurzypomiot - Winner!

  • Race: Terran Terran
  • League: Master
  • Spawn Location: 11:00

SCIInewby

  • Race: Protoss Protoss
  • League: Master
  • Spawn Location: 5:00

VOD

Have the link to the VOD?

Description

Time

  • Played on: Feb. 5, 2026, 7:36 p.m.
  • Length: 5:22
Show
View Real Time Build Order
Export as new Build Order

kurzypomiot Terran - Winner!

Build Orders: 1/1/1, Liberator Opening 

Get SALT Encoding   

  12  0:00  SCV  
  13  0:12  SCV  
  14  0:22  Supply Depot  
  14  0:24  SCV  
  15  0:34  Refinery  
  15  0:44  SCV  
  15  0:46  Barracks  
  16  0:56  SCV  
  17  0:58  Refinery  
  17  1:08  SCV  
  18  1:20  SCV  
  19  1:32  Orbital Command  
  19  1:36  Factory  
  19  1:40  Marine  
  20  1:55  Supply Depot  
  20  1:58  Marine  
  21  2:08  SCV  
  22  2:16  Marine  
  23  2:27  Starport, Factory Tech Lab  
  23  2:34  Marine  
  23  2:35  Supply Depot  
  24  2:45  Siege Tank  
  27  2:52  Marine  
  28  3:03  Engineering Bay  
  28  3:04  Supply Depot  
  28  3:06  Medivac  
  28  3:10  Marine  
  31  3:18  Siege Tank  
  33  3:36  Liberator  
  33  3:38  Missile Turret  
  36  3:45  Marine  
  37  3:50  Siege Tank  
  40  4:02  Bunker  
  40  4:03  Marine  
  40  4:20  Missile Turret  
  40  4:23  Siege Tank  
  40  4:24  Marine  
  47  4:48  Bunker  
  47  4:58  Missile Turret  
Show
View Real Time Build Order
Export as new Build Order

SCIInewby Protoss 

Build Orders:  

Get SALT Encoding   

  12  0:01  Probe  
  13  0:13  Probe  
  14  0:23  Pylon  
  14  0:27  Probe  
  15  0:41  Probe  
  16  0:53  Probe  
  17  1:16  Probe  
  18  1:20  Nexus  
  18  1:25  Gateway  
  18  1:36  Forge  
  18  1:39  Probe  
  19  1:45  Assimilator  
  19  1:48  Pylon  
  19  1:51  Probe  
  20  1:55  Assimilator  
  20  1:58  Assimilator  
  20  2:11  Photon Cannon  
  20  2:16  Pylon  
  20  2:22  Probe  
  21  2:28  Probe  
  21  2:30  Probe  
  21  2:36  Probe  
  23  2:38  Probe  
  23  2:44  Photon Cannon  
  25  2:52  Cybernetics Core  
  25  3:00  Zealot  
  25  3:01  Warp Gate  
  27  3:08  Photon Cannon  
  27  3:12  Pylon  
  27  3:13  Probe x2  
  29  3:21  Probe x2  
  31  3:49  Probe  
  31  3:50  Probe  
  31  3:54  Pylon  
  33  3:58  Pylon  
  33  4:01  Pylon  
  31  4:25  Pylon  
  31  4:30  Photon Cannon  
  31  4:35  Probe  
  31  4:36  Probe  
  31  4:37  Pylon  
  33  4:41  Pylon  
  33  4:48  Probe  
  33  4:52  Gateway  
  34  4:55  Gateway  
  34  5:00  Gateway  
Tags
 
Add a new tag
Caveats
  • Supply blocks, unpowered buildings, or Contaminate may cause inaccurate times.
  • Supply counts are checked every 10 seconds.